 Dungeon Crawl Stone Soup version 0.32-a0-450-g080537f31e (webtiles) character file.

Game seed: 6980167286349277244

3842 horus123 the Arsonist (level 9, 0/74 HPs)
             Began as a Mountain Dwarf Cinder Acolyte on Feb 23, 2024.
             Was a High Priest of Ignis.
             Slain by a centaur
             ... wielding the +11 Singing Sword {sonic wave}
              (13 damage)
             ... on level 8 of the Dungeon on Feb 24, 2024.
             The game lasted 00:14:45 (9881 turns).

horus123 the Arsonist (MDCA)                        Turns: 9881, Time: 00:14:46

Health: 0/74       AC: 11    Str: 23    XL:     9   Next: 98%
Magic:  2/17       EV: 11    Int: 19    God:    Ignis [*****.]
Gold:   424        SH:  0    Dex:  5    Spells: 4/19 levels left

rFire   + . .        I - +0 dire flail (venom)
rCold   . . .        (shield currently unavailable)
rNeg    . . .        G - +0 acid dragon scales
rPois   .            p - +0 helmet
rElec   .            C - +0 cloak
rCorr   +            (no gloves)
SInv    .            b - +2 pair of boots
Will    .....        (no amulet) Stlth
                     m - +6 ring of strength
HPRegen 0.32/turn    w - +4 ring of slaying
MPRegen 0.15/turn

%: no passive effects
@: no status effects
A: runic magic, artefact enchanting
a: Renounce Religion, Fiery Armour, Foxfire Swarm, Rising Flame


You were on level 8 of the Dungeon.
You worshipped Ignis.
Ignis was extremely pleased with you.
You visited 1 branch of the dungeon, and saw 8 of its levels.

You collected 424 gold pieces.

Inventory:

Hand Weapons
 I - a +0 dire flail of venom (weapon)
Missiles
 v - a throwing net
Armour
 b - a +2 pair of boots (worn)
 e - a +0 cloak of poison resistance
 p - a +0 helmet (worn)
 q - a +0 chain mail
 C - a +0 cloak (worn)
 G - +0 acid dragon scales (worn)
Jewellery
 a - a +6 ring of dexterity
 m - a +6 ring of strength (left hand)
 s - a +4 ring of protection
 w - a +4 ring of slaying (right hand)
Wands
 E - a wand of light (3)
 F - a wand of roots (24)
 H - a wand of mindburst (15)
Scrolls
 c - a scroll of vulnerability
 d - a scroll of enchant weapon {unknown}
 g - 6 scrolls of teleportation
 h - a scroll of blinking {unknown}
 i - 2 scrolls of amnesia
 u - a scroll of acquirement {unknown}
 x - 2 scrolls of fog
 y - 4 scrolls of immolation
 B - a scroll of revelation {unknown}
Potions
 f - a potion of heal wounds {unknown}
 j - 2 potions of haste {unknown}
 k - a potion of might {unknown}
 l - 2 potions of berserk rage {unknown}
 n - 2 potions of attraction {unknown}
 o - a potion of mutation {unknown}
 r - 2 potions of curing {unknown}
 z - a potion of degeneration {unknown}
 A - 5 potions of brilliance {unknown}
 D - 3 potions of ambrosia {unknown}


   Skills:
 - Level 5.0 Fighting
 - Level 8.0 Maces & Flails
 + Level 5.8 Spellcasting
 - Level 13.0 Fire Magic


You had 4 spell levels left.
You knew the following spells:

 Your Spells              Type           Power      Damage    Failure   Level
a - Scorch                Fire           100%       2d9       1%          2
b - Inner Flame           Hex/Fire       30%        N/A       2%          3
c - Ignition              Fire           26%        3d9       98%         8
d - Mercury Vapours       Alch/Air       10%        N/A       19%         2

Your spell library contained the following spells:

 Spells                   Type           Power      Damage    Failure   Level
 Sting                    Conj/Alch      20%        1d4       12%         1
 Olgreb's Toxic Radiance  Alch           5%         N/A       75%         4
 Irradiate                Conj/Alch      2%         3d12      97%         5


Dungeon Overview and Level Annotations

Branches:
Dungeon (8/15)             Temple (0/1) D:7
   Lair: D:8-11

Altars:
Hepliaklqana
Okawaru
Ru

Shops:
D:1 ?   D:5 *   D:6 !

Annotations:
D:3 1 runed translucent door, javelincjr's ghost, amateur DsMo


Innate Abilities, Weirdness & Mutations

Your spellcasting is much less encumbered by armour.
You can use scrolls of enchantment on lesser artefacts.


Message History

You are out of magic!
You sock the phantom!
You destroy the phantom!
The centaur throws a stone.
The stone barely misses you.
An orc comes into view. It is wielding a +0 flail.
The centaur unwields the +11 Singing Sword {sonic wave}.
The centaur wields a +0 shortbow.
The centaur shoots an arrow.
The arrow hits you but does no damage.
The centaur shoots an arrow.
The arrow barely misses you.
The centaur throws a stone.
The stone closely misses you.
The centaur shoots an arrow.
The arrow hits you! The orc completely misses you.
You barely miss the orc. The orc hits you but does no damage.
You barely miss the orc. You sock the centaur!
The centaur is severely wounded.
The centaur unwields a +0 shortbow.
The centaur wields the +11 Singing Sword {sonic wave}.
The centaur hits you with the +11 Singing Sword {sonic wave}!
The centaur kicks you but does no damage.
You barely miss the centaur.
The centaur is severely wounded.
The centaur barely misses you.
The centaur kicks you but does no damage.
You barely miss the centaur.
The centaur is severely wounded.
The centaur hits you with the +11 Singing Sword {sonic wave}!
The centaur kicks you but does no damage.
The centaur hits you with the +11 Singing Sword {sonic wave}!
The centaur misses you.
You barely miss the centaur.
The centaur is severely wounded.
The centaur hits you with the +11 Singing Sword {sonic wave}!
* * * LOW HITPOINT WARNING * * *
The centaur kicks you but does no damage.
You closely miss the centaur.
The centaur is severely wounded.
The centaur hits you with the +11 Singing Sword {sonic wave}!
You die...
Ignis goes out, and joins you in death.

################ #########
.##............#####........
.##............#o.....)o..#
.##............#c#.)#.#####
.##............#@#.......W'
.##............#.#........#
.##................#..c..##
.##..............#.......#
.##..............#.##....#
.##............#.#.. ......
...............#.####..###.
.###############.. ... .#
####


You could see a centaur and an orc.

Vanquished Creatures
  Maurice (D:8)
  Maggie (D:7)
  An acid dragon (D:6)
  2 water moccasins
  3 sky beasts
  2 ice beasts
  An orc warrior (D:7)
  2 black bears (D:5)
  An ogre (D:5)
  A centaur (D:7)
  2 phantoms
  2 kobold brigands (D:8)
  6 bullfrogs
  6 scorpions
  A wight (D:7)
  4 killer bees (D:8)
  3 jellies
  3 orc priests
  2 hounds
  A sleepcap (D:7)
  4 iguanas
  2 orc wizards
  15 gnolls
  5 adders
  A shadow imp (D:6)
  3 white imps
  2 ufetubi (D:6)
  A ribbon worm (D:2)
  21 orcs
  5 ball pythons
  11 endoplasms
  A giant cockroach (D:1)
  4 goblins
  4 hobgoblins
  16 kobolds
  2 quokkas
  8 bats
  8 frilled lizards
  3 rats
161 creatures vanquished.

Notes
Turn   | Place    | Note
-------+----------+-------------------------------------------
     0 | D:1      | horus123 the Mountain Dwarf Cinder Acolyte began the quest
                  | for the Orb.
     0 | D:1      | Reached XP level 1. HP: 19/19 MP: 2/2
   157 | D:1      | Reached XP level 2. HP: 23/26 MP: 3/3
   475 | D:1      | Found Riden's Magic Scroll Emporium.
  1102 | D:2      | Reached XP level 3. HP: 29/34 MP: 4/4
  1105 | D:2      | Learned a level 2 spell: Scorch
  1455 | D:2      | Found a faded altar of an unknown god.
  1741 | D:2      | Reached skill level 5 in Fighting
  1987 | D:3      | Reached XP level 4. HP: 39/42 MP: 0/6
  2344 | D:3      | Found a hazy altar of Hepliaklqana.
  2493 | D:3      | Found a runed translucent door.
  2495 | D:3      | Noticed a bullfrog
  2498 | D:3      | Noticed javelincjr's ghost (amateur DsMo)
  3134 | D:4      | Noticed a scorpion
  3142 | D:4      | Killed a scorpion
  3143 | D:4      | Reached XP level 5. HP: 40/48 MP: 1/9
  3798 | D:4      | Reached skill level 4 in Fire Magic
  3798 | D:4      | Reached XP level 6. HP: 56/56 MP: 6/12
  3897 | D:4      | Learned a level 3 spell: Inner Flame
  4246 | D:5      | Entered Level 5 of the Dungeon
  4256 | D:5      | Found a sacrificial altar of Ru.
  4262 | D:5      | Found an iron altar of Okawaru.
  4472 | D:5      | Reached skill level 5 in Fire Magic
  4659 | D:5      | Reached skill level 6 in Fire Magic
  4659 | D:5      | Reached XP level 7. HP: 61/61 MP: 6/13
  4979 | D:5      | Found Siuwko Igeok's General Store.
  5171 | D:5      | Reached skill level 7 in Fire Magic
  5368 | D:5      | Reached skill level 8 in Fire Magic
  5779 | D:6      | Reached skill level 5 in Maces & Flails
  5785 | D:6      | Reached XP level 8. HP: 55/68 MP: 2/14
  6442 | D:6      | Found Ymesmurph's Distillery.
  6452 | D:6      | Learned a level 8 spell: Ignition
  7460 | D:7      | Noticed Maggie
  7473 | D:7      | Killed Maggie
  7474 | D:7      | Reached skill level 9 in Fire Magic
  7508 | D:7      | Reached skill level 10 in Fire Magic
  7860 | D:7      | Found a staircase to the Ecumenical Temple.
  8106 | D:7      | Reached XP level 9. HP: 60/74 MP: 7/15
  8118 | D:7      | Reached skill level 11 in Fire Magic
  8469 | D:7      | Reached skill level 12 in Fire Magic
  9375 | D:8      | Reached skill level 13 in Fire Magic
  9542 | D:8      | Reached skill level 5 in Spellcasting
  9827 | D:8      | Learned a level 2 spell: Mercury Vapours
  9845 | D:8      | Noticed Maurice
  9852 | D:8      | Maurice stole a +0 glaive of flaming
  9853 | D:8      | Killed Maurice
  9881 | D:8      | Slain by a centaur

Illustrated notes

Levels and vault maps discovered:
D:1:      dpeg_arrival_rhombus, layout_loops_corners, serial_shops,
          nicolae_shop_statue_plus
D:2:      layout_loops_ring, dreamdust_ecumenical_altar_angels_and_demons
D:3:      layout_basic, mainiacjoe_overflow_small_starburst,
          ebering_ghost_sewer_d, kennysheep_minor_cross
D:4:      layout_basic
D:5:      layout_cave_pods, mainiacjoe_overflow_large_starburst, serial_shops,
          nicolae_diamond_shop
D:6:      layout_layer_cave, serial_shops, shop, kennysheep_generic_room_10
D:7:      minmay_s_stair_smasher, layout_basic, minmay_temple_entry_glass,
          uniq_maggie
D:8:      layout_basic, grunt_dithmenos_shadows, nicolae_zig_zag_zippers,
          uniq_maurice

Skill      XL: |  1  2  3  4  5  6  7  8  9 |
---------------+----------------------------+-----
Fighting       | 4 5 |  5.0
Spellcasting   | 3 4 5 |  5.8
Fire Magic     | 4 6 8 10 13 | 13.0
Maces & Flails | 5 8 |  8.0

Action                     |  1- 3 |  4- 6 |  7- 9 || total
---------------------------+-------+-------+-------++-------
  Melee: Flail             |   103 |    32 |    69 ||   204
         Dire flail        |       |       |    40 ||    40
   Cast: Scorch            |    12 |    45 |   159 ||   216
         Inner Flame       |       |       |     1 ||     1
    Use: Scroll            |       |       |     9 ||     9
 Armour: Robe              |    55 |     6 |       ||    61
         Ring mail         |       |    22 |    86 ||   108
         Acid dragon scale |       |       |   115 ||   115
  Dodge: Dodged            |    67 |    29 |   129 ||   225

Table legend: (Time is in decaauts)
 A = Elapsed time spent in this place.
 B = Non-inter-level travel time spent in this place.
 C = Inter-level travel time spent in this place.
 D = Time resting spent in this place.
 E = Time spent auto-exploring this place.
 F = Levels seen in this place.
 G = Mean time per level.
                   A        B        C        D        E       F      G
               +--------+--------+--------+--------+--------+-----+--------+
         Total |   9928 |   9769 |    159 |   1049 |   7683 |   8 | 1241.0 |
       Dungeon |   9928 |   9769 |    159 |   1049 |   7683 |   8 | 1241.0 |
               +--------+--------+--------+--------+--------+-----+--------+

Top non-repeatable levels by time:
     D:6: 1851 daAuts
     D:7: 1480 daAuts
     D:5: 1369 daAuts
     D:3: 1220 daAuts
     D:4: 1115 daAuts
     D:1: 1100 daAuts
     D:8: 955 daAuts
     D:2: 834 daAuts
